 Dungeon Crawl Stone Soup version 0.28.0-53-g5a82cb258f (webtiles) character file.

Game seed: 9781061154335351711

102 mrburnz the Cudgeller (level 4, -12/41 HPs)
             Began as a Minotaur Berserker on May 21, 2022.
             Was a Believer of Trog.
             Mangled by Pikel
             ... wielding a +2 whip of electrocution
              (16 damage)
             ... on level 4 of the Dungeon.
             The game lasted 00:08:09 (3065 turns).

mrburnz the Cudgeller (Minotaur Berserker)          Turns: 3065, Time: 00:08:13

Health: -12/41     AC:  5    Str: 23    XL:     4   Next: 49%
Magic:  3/3        EV: 11    Int:  4    God:    Trog [**....]
Gold:   130        SH:  0    Dex: 10    Spells: 3/3 levels left

rFire   . . .      SeeInvis .   a - +0 mace
rCold   . . .      Faith    .   (no shield)
rNeg    . . .      Spirit   .   d - +0 ring mail
rPois   .          Reflect  .   (helmet restricted)
rElec   .          Harm     .   (no cloak)
rCorr   .          Rampage  .   (no gloves)
Will    .....                   (no boots)
Stlth   +.........              (no amulet)
HPRegen 0.13/turn               (no ring)
MPRegen 0.08/turn               (no ring)

@: on berserk cooldown, slowed, very slow
A: horns 2, retaliatory headbutt
a: Renounce Religion, Berserk, Trog's Hand


You were on level 4 of the Dungeon.
You worshipped Trog.
Trog was pleased with you.
You visited 1 branch of the dungeon, and saw 4 of its levels.

You collected 130 gold pieces.

Inventory:

Hand Weapons
 a - a +0 mace (weapon)
Armour
 d - a +0 ring mail (worn)
Jewellery
 g - a ring of magical power
 h - an amulet of magic regeneration
Scrolls
 b - a scroll of fear {unknown}
 c - 2 scrolls of identify
 e - a scroll of vulnerability {unknown}
 f - a scroll of blinking {unknown}
Potions
 i - a potion of haste
 j - 2 potions of magic


   Skills:
 + Level 4.7 Fighting
 + Level 5.1 Maces & Flails
 + Level 3.2 Armour
 - Level 2.3 Dodging
 + Level 0.2 Stealth


You had 3 spell levels left.
You didn't know any spells.
Your spell library was empty.

Dungeon Overview and Level Annotations

Branches:
Dungeon (4/15)
 Temple: D:4-7

Altars:

Shops:
D:2 ?

Annotations:
D:4 Pikel


Innate Abilities, Weirdness & Mutations

You have a pair of horns on your head.
You reflexively headbutt those who attack you in melee.


Message History

That felt strangely unrewarding.
You sock the lemure!
The lemure is moderately wounded.
The lemure hits you but does no damage.
You barely miss the lemure.
The lemure is moderately wounded.
You sock the lemure!
The lemure is heavily wounded.
The lemure barely misses you.
You closely miss the lemure.
The lemure is heavily wounded.
The lemure hits you.
You hit the lemure.
The lemure is severely wounded.
The lemure hits you.
You barely miss the lemure.
The lemure is severely wounded.
You hit the lemure.
The lemure is severely wounded.
The lemure hits you.
You sock the lemure!
You kill the lemure!
That felt strangely unrewarding.
You sock Pikel! Your headbutt misses Pikel.
Pikel is moderately wounded.
You are no longer berserk.
You are exhausted.
You feel yourself slow down.
You hit Pikel. You headbutt Pikel.
Pikel is heavily wounded.
Pikel closely misses you. You furiously retaliate!
You headbutt Pikel.
Pikel hits you with a +2 whip of electrocution!
You hit Pikel. Your headbutt misses Pikel.
Pikel is heavily wounded.
Pikel hits you with a +2 whip of electrocution!
* * * LOW HITPOINT WARNING * * *
Pikel hits you with a +2 whip of electrocution.
* * * LOW HITPOINT WARNING * * *
You are electrocuted!
You die...

##### #####
...###...##
##.#####.##.###.#
#...5K@.....# #.#
....#####.##.###.#
# #.###...## .>#
##.##### ####
#......# #..###.#
##..###.#
#.......#
#..#.##.#####


You could see Pikel and a lemure.

Vanquished Creatures
  3 lemures (D:4)
  A hound (D:4)
  2 adders
  3 dart slugs (D:1)
  4 endoplasms
  A giant cockroach (D:3)
  5 hobgoblins
  5 kobolds
  2 quokkas
  A ball python (D:3)
  8 bats
  2 frilled lizards (D:2)
  8 goblins
  3 rats
48 creatures vanquished.

Notes
Turn   | Place    | Note
-------+----------+-------------------------------------------
     0 | D:1      | mrburnz the Minotaur Berserker began the quest for the Orb.
     0 | D:1      | Reached XP level 1. HP: 19/19 MP: 0/0
   356 | D:1      | Reached XP level 2. HP: 26/27 MP: 1/1
  1118 | D:2      | Reached skill level 4 in Maces & Flails
  1270 | D:2      | Found Gitroell's Magic Scroll Boutique.
  1553 | D:2      | Reached XP level 3. HP: 34/34 MP: 2/2
  1629 | D:2      | Found a faded altar of an unknown god.
  2205 | D:3      | Reached ** piety under Trog
  2913 | D:4      | Reached XP level 4. HP: 41/41 MP: 3/3
  2928 | D:4      | Reached skill level 5 in Maces & Flails
  3038 | D:4      | Noticed a lemure
  3038 | D:4      | Noticed a lemure
  3039 | D:4      | Noticed a lemure
  3042 | D:4      | Noticed a lemure
  3043 | D:4      | Noticed Pikel
  3047 | D:4      | Killed a lemure
  3054 | D:4      | Killed a lemure
  3062 | D:4      | Killed a lemure
  3065 | D:4      | Mangled by Pikel

Illustrated notes

Levels and vault maps discovered:
D:1:      dpeg_arrival_arbitrary_c, layout_loops_ring, serial_bayou,
          serial_bayou_shore_b, serial_bayou_pond_e, serial_bayou_pond_c,
          serial_bayou_shore_a
D:2:      layout_loops_ring, dilly_ecumenical_altar_fadedgnrine, serial_shops,
          shop
D:3:      layout_basic, skrybe_limestone_x
D:4:      layout_loops_cross, trog_three_pillars_becter, uniq_pikel

Skill      XL: |  1  2  3  4 |
---------------+-------------+-----
Fighting       | 4 |  4.7
Maces & Flails | 4 5 |  5.1
Armour         | 3 |  3.2
Dodging        | |  2.3
Stealth        | |  0.2

Action                   |  1- 3 |  4- 6 || total
-------------------------+-------+-------++-------
Melee: Mace              |    76 |    24 ||   100
       Headbutt          |    10 |     4 ||    14
       Punch             |     2 |       ||     2
Invok: Berserk           |       |     1 ||     1
  Use: Scroll            |     2 |       ||     2
Armor: Ring mail         |    41 |     3 ||    44
       Animal skin       |     1 |       ||     1
Dodge: Dodged            |    63 |     7 ||    70
